 Dungeon Crawl Stone Soup version 0.31-a0-1068-g5939ac1fb6 (webtiles) character file.

Game seed: 7557332333386266038

584 kae the Magician (level 7, -6/40 HPs)
             Began as a Deep Elf Fire Elementalist on Nov 23, 2023.
             Killed by nerve-wracking pain
             ... invoked by an orc priest
              (9 damage)
             ... on level 4 of the Dungeon.
             The game lasted 00:02:48 (4198 turns).

kae the Magician (Deep Elf Fire Elementalist)       Turns: 4198, Time: 00:02:49

Health: -6/40      AC:  5    Str:  8    XL:     7   Next: 14%
Magic:  10/16      EV: 14    Int: 22    God:
Gold:   221        SH:  5    Dex: 15    Spells: 10/16 levels left

rFire   . . .        n - +0 long sword
rCold   . . .        (no shield)
rNeg    . . .        a - +0 robe
rPois   .            (no helmet)
rElec   .            (no cloak)
rCorr   .            k - +2 pair of gloves {Str+3}
SInv    .            (no boots)
Will    .....        c - amulet of reflection
Stlth   ++           (no ring)
HPRegen 0.26/turn    (no ring)
MPRegen 0.15/turn

%: reflection
@: no status effects
A: no striking features
a: no special abilities


You were on level 4 of the Dungeon.
You visited 2 branches of the dungeon, and saw 5 of its levels.

You collected 221 gold pieces.


   Skills:
 + Level 2.3 Fighting
 + Level 4.5 Dodging
 - Level 2.4 Stealth
 + Level 5.1 Spellcasting
 + Level 3.4 Conjurations
 - Level 3.0 Hexes
 + Level 4.9 Fire Magic


You had 10 spell levels left.
You knew the following spells:

 Your Spells              Type           Power      Damage    Failure   Level
a - Foxfire               Conj/Fire      96%        2x1d8     1%          1
b - Scorch                Fire           54%        2d7       1%          2
c - Inner Flame           Hex/Fire       23%        N/A       6%          3

Your spell library contained the following spells:

 Spells                   Type           Power      Damage    Failure   Level
 Jinxbite                 Hex            36%        N/A       4%          2
 Ensorcelled Hibernation  Hex/Ice        24%        N/A       9%          2
 Volatile Blastmotes      Fire/Tloc      32%        2d12      11%         3
 Flame Wave               Conj/Fire      24%        2d8       19%         4
 Anguish                  Hex/Necr       6%         N/A       47%         4

Inventory:

Hand Weapons
 n - a +0 long sword (weapon)
   (You found it on level 3 of the Dungeon)
Missiles
 d - 37 stones
 m - 9 javelins
Armour
 a - a +0 robe (worn)
 k - a +2 pair of gloves of strength (worn)
   (You found it on level 2 of the Dungeon)
Jewellery
 c - an amulet of reflection (around neck)
   (You found it on level 3 of the Dungeon)
Scrolls
 e - 4 scrolls of teleportation {@r4}
 f - a scroll of identify {@r1}
 h - 2 scrolls of vulnerability {!r!r}
Potions
 b - a potion of magic
 g - 2 potions of invisibility
 i - a potion of mutation {unknown}
 j - 3 potions of might {unknown}
 l - a potion of heal wounds {unknown}
 o - a potion of lignification {unknown}

Dungeon Overview and Level Annotations

Branches:
Dungeon (4/15) Zot: 19795  Temple (1/1) D:4 Zot: 5998

Altars:
Fedhas
Gozag
Hepliaklqana
Kikubaaqudgha
Makhleb
Nemelex Xobeh
Qazlal
Ru
Uskayaw
Wu Jian
Yredelemnul

Annotations:
D:4 2 transporters, funkygono's ghost, amateur DEFE

###########'#'###....##
.........#.#.# #....##
#....#.#.#.# #....##
#....#'#.#.# ....#.
#........#.# ...#.
#..........# ....
#.###.......#### #.##
#......v....#
#######.##
####.)@o...###.....)>).
###K#...#...†...#...
#o#...........#...
#.#...#.......#...
#.#...........#..#
#.#.###.......#..#
#.#...'.....^.#..#
#)#####.......#..# #.#
#.......#


You could see an orc priest (ally target), an orc and a kobold.


Message History

An orc is nearby!
The orc shouts!
You hear a shout! x3
An orc comes into view. It is wielding a +0 hand axe.
An orc priest comes into view. It is wielding a +0 morningstar.
The orc priest shouts!
An orc comes into view. It is wielding a +0 trident.
The orc priest moves out of view.
You closely miss the orc.
The orc shouts!
An orc comes into view. It is wielding a +0 mace.
A kobold comes into view. It is wielding a +0 club.
The orc barely misses you. The orc closely misses you.
The kobold shouts!
You slash the orc!
You kill the orc!
You closely miss the orc. The orc hits you but does no damage. x2
You hit the orc but do no damage. The orc barely misses you.
You barely miss the orc. You block the orc's attack.
Unknown command.
You aren't carrying any items that you can evoke.
Unknown command.
There is an open door here.
Casting: Foxfire (safe; 1% risk of failure)
Confirm with . or Enter, or press ? or * to list all spells.
You conjure some foxfire!
The foxfire hits the orc.
The foxfire hits the orc but does no damage.
The orc barely misses you. 😎 MP[-1]
You lost 1 mp, and now have 15/16 mp.
Casting: Foxfire (safe; 1% risk of failure)
Confirm with . or Enter, or press ? or * to list all spells.
Flames lash the orc.
The orc's fire resistance burns away.
The orc closely misses you.
The orc hits you from afar with a +0 trident!
The orc hits you but does no damage.
You block the orc priest's attack. 😕 HP[-7] MP[-2]
You take 7 damage, and now have 33/40 hp.
You lost 2 mp, and now have 13/16 mp.
Casting: Scorch (safe; 1% risk of failure)
Confirm with . or Enter, or press ? or * to list all spells.
You conjure some foxfire!
The orc hits you but does no damage. The orc closely misses you.
The orc barely misses your foxfire. The orc priest closely misses you.
The orc is no longer more vulnerable to fire.
The foxfire hits the orc but does no damage.
The foxfire hits the orc priest.
The orc closely misses you. You block the orc's attack.
The orc priest hits you with a +0 morningstar! 😮 HP[-9]
You take 9 damage, and now have 24/40 hp.
MASSIVE DAMAGE!! (PAUSE)
Casting: Foxfire (safe; 1% risk of failure)
Confirm with . or Enter, or press ? or * to list all spells.
You conjure some foxfire!
The orc closely misses you. The orc hits you but does no damage.
The orc barely misses your foxfire.
The orc hits your foxfire with a +0 hand axe.
The orc priest barely misses you.
The foxfire hits the orc but does no damage.
The foxfire hits the orc!
You kill the orc!
You block the orc's attack.
The orc priest calls down the wrath of Beogh upon you.
Pain shoots through your body!
* * * LOW HITPOINT WARNING * * *
😨 HP[-9] MP[-1]
You take 9 damage, and now have 15/40 hp.
MASSIVE DAMAGE!! (PAUSE)
You lost 1 mp, and now have 12/16 mp.
Casting: Foxfire (safe; 1% risk of failure)
Confirm with . or Enter, or press ? or * to list all spells.
You conjure some foxfire!
The orc barely misses you. The orc priest misses you.
The foxfire hits the orc priest.
The foxfire hits the orc.
The orc hits you from afar with a +0 trident.
* * * LOW HITPOINT WARNING * * *
The orc priest closely misses you. 😨 HP[-2] MP[-1]
You take 2 damage, and now have 13/40 hp.
You lost 1 mp, and now have 11/16 mp.
Unknown command.
Casting: Foxfire (safe; 1% risk of failure)
Confirm with . or Enter, or press ? or * to list all spells.
You conjure some foxfire!
The orc barely misses you. The orc priest barely misses you.
The foxfire hits the orc.
You kill the orc!
The foxfire hits the orc priest.
The orc priest mumbles some strange prayers to Beogh against you.
Beogh smites you!
* * * LOW HITPOINT WARNING * * *
😱 HP[-11] MP[-1]
You take 11 damage, and now have 2/40 hp.
MASSIVE DAMAGE!! (PAUSE)
You lost 1 mp, and now have 10/16 mp.
Casting: Foxfire (safe; 1% risk of failure)
Confirm with . or Enter, or press ? or * to list all spells.
You conjure some foxfire!
The foxfire hits the kobold.
The orc priest calls down the wrath of Beogh upon you.
Pain shoots through your body!
You die...

Skill      XL: |  1  2  3  4  5  6 |
---------------+-------------------+-----
Fighting       | 1 2 |  2.3
Dodging        | 3 4 |  4.5
Conjurations   | 2 3 |  3.4
Hexes          | 1 2 3 |  3.0
Fire Magic     | 4 |  4.9
Spellcasting   | 4 5 |  5.1
Stealth        | |  2.4

Action                     |  1- 3 |  4- 6 |  7- 9 || total
---------------------------+-------+-------+-------++-------
  Melee: Long sword        |       |     9 |     5 ||    14
   Cast: Foxfire           |    69 |    51 |    11 ||   131
         Scorch            |     5 |    26 |     2 ||    33
    Use: Scroll            |     4 |     1 |       ||     5
 Armour: Robe              |     3 |    23 |     9 ||    35
  Dodge: Dodged            |     6 |    42 |    16 ||    64
  Block: Other             |       |     9 |     4 ||    13

Levels and vault maps discovered:
D:1:      tarquinn_simple_flora_water_c, layout_loops_cross,
          shapermc_ecumenical_altar_mp_urbaneastern
D:2:      layout_basic, hangedman_abyss_or_decor_lesser_grid
D:3:      layout_basic, nicolae_wu_jian_wuxing_cycle
D:4:      nicolae_cairo_tiling_large, layout_basic,
          minmay_temple_entry_proselytizer, gammafunk_ghost_smash, uniq_robin,
          uniq_blork_the_orc
Temple:   compressed_dpeg_circular_temple

Notes
Turn   | Place    | Note
-------+----------+-------------------------------------------
     0 | D:1      | kae the Deep Elf Fire Elementalist began the quest for the
                  | Orb.
     0 | D:1      | Reached XP level 1. HP: 10/10 MP: 6/6
     0 | D:1      | magus.rc [v1.11.3]
   144 | D:1      | Reached XP level 2. HP: 16/16 MP: 1/8
   276 | D:1      | Learned a level 2 spell: Scorch
   652 | D:1      | Found a faded altar of an unknown god.
   806 | D:1      | Reached XP level 3. HP: 20/20 MP: 5/9
   810 | D:1      | Learned a level 3 spell: Inner Flame
  1433 | D:2      | Reached skill level 1 in Fighting
  1433 | D:2      | Reached skill level 3 in Dodging
  1866 | D:3      | Found an ornate altar of the Wu Jian Council.
  1914 | D:3      | You pick up a book of Dreams and begin reading...
  1914 | D:3      | You add the spells Jinxbite, Ensorcelled Hibernation and
                  | Anguish to your library.
  1927 | D:3      | Reached skill level 2 in Conjurations
  2155 | D:3      | Reached XP level 4. HP: 25/25 MP: 8/11
  2204 | D:3      | Reached skill level 1 in Hexes
  2820 | D:4      | Noticed a phantom
  3011 | D:4      | Reached skill level 4 in Fire Magic
  3030 | D:4      | Reached XP level 5. HP: 29/29 MP: 5/12
  3044 | D:4      | Reached skill level 4 in Spellcasting
  3044 | D:4      | Reached skill level 2 in Hexes
  3309 | D:4      | Reached XP level 6. HP: 14/35 MP: 0/14
  3450 | D:4      | Reached skill level 2 in Fighting
  3450 | D:4      | Reached skill level 4 in Dodging
  3523 | D:4      | Noticed Robin
  3563 | D:4      | Killed Robin
  3564 | D:4      | Reached skill level 3 in Conjurations
  3650 | D:4      | Reached skill level 3 in Hexes
  3723 | D:4      | Found a transporter.
  3755 | D:4      | Noticed funkygono's ghost (amateur DEFE)
  3756 | D:4      | Found a transporter.
  4004 | D:4      | Reached skill level 5 in Spellcasting
  4004 | D:4      | Reached XP level 7. HP: 13/40 MP: 9/16
  4113 | D:4      | Found a staircase to the Ecumenical Temple.
  4156 | Temple   | Entered the Ecumenical Temple
  4197 | D:4      | HP: 2/40 [orc priest/divine providence (11)]
  4198 | D:4      | Killed from afar by an orc priest

Vanquished Creatures
  An ogre (D:4)
  A phantom (D:4)
  4 jellies (D:4)
  A howler monkey (D:4)
  An orc priest (D:4)
  Robin (D:4)
  5 adders
  3 worms
  4 dart slugs
  4 orcs (D:4)
  7 ball pythons
  4 bats
  4 endoplasms
  3 giant cockroaches
  8 goblins
  14 hobgoblins
  2 jackals (D:3)
  2 quokkas
  5 frilled lizards
  7 kobolds
  3 rats
84 creatures vanquished.

Vanquished Creatures (collateral kills)
  A foxfire (D:1)
1 creature vanquished.

Vanquished Creatures (others)
  224 foxfires
224 creatures vanquished.

Grand Total: 309 creatures vanquished

Table legend:
 A = Non-vault XP
 B = Vault XP
 C = Vault XP percentage of total XP
 D = Non-vault monster count
 E = Vault monster count
 F = Vault count percentage of total count
                 A         B        C        D         E       F
            +---------+---------+-------+---------+---------+-------
      Total |     762 |      73 |   8.7 |      73 |      11 |  13.1
            +---------+---------+-------+---------+---------+-------
        D:1 |      41 |       0 |   0.0 |      21 |       0 |   0.0
        D:2 |      47 |       0 |   0.0 |      14 |       0 |   0.0
        D:3 |      44 |       0 |   0.0 |      11 |       0 |   0.0
        D:4 |     630 |      73 |  10.4 |      27 |      11 |  28.9
            +---------+---------+-------+---------+---------+-------

Skill      XL: |  1  2  3  4  5  6 |
---------------+-------------------+-----
Fighting       | 1 2 |  2.3
Dodging        | 3 4 |  4.5
Conjurations   | 2 3 |  3.4
Hexes          | 1 2 3 |  3.0
Fire Magic     | 4 |  4.9
Spellcasting   | 4 5 |  5.1
Stealth        | |  2.4

Action                     |  1- 3 |  4- 6 |  7- 9 || total
---------------------------+-------+-------+-------++-------
  Melee: Long sword        |       |     9 |     5 ||    14
   Cast: Foxfire           |    69 |    51 |    11 ||   131
         Scorch            |     5 |    26 |     2 ||    33
    Use: Scroll            |     4 |     1 |       ||     5
 Armour: Robe              |     3 |    23 |     9 ||    35
  Dodge: Dodged            |     6 |    42 |    16 ||    64
  Block: Other             |       |     9 |     4 ||    13

Illustrated notes

Table legend:
 A = Kills in this place as a percentage of kills in the entire game.
 B = Kills by you in this place as a percentage of kills by you in the entire game.
 C = Kills by friends in this place as a percentage of kills by friends in the entire game.
 D = Other kills in this place as a percentage of other kills in the entire game.
 E = Experience gained in this place as a percentage of experience gained in the entire game.
 F = Experience gained in this place divided by the number of levels of this place that you have seen.
                   A       B       C       D       E      F
               +-------+-------+-------+-------+-------+----------------------
         Total | 100.0 | 100.0 |   N/A |   N/A | 100.0 | 167.0
       Dungeon | 100.0 | 100.0 |   N/A |   N/A | 100.0 | 208.8
               +-------+-------+-------+-------+-------+----------------------

Table legend: (Time is in decaauts)
 A = Elapsed time spent in this place.
 B = Non-inter-level travel time spent in this place.
 C = Inter-level travel time spent in this place.
 D = Time resting spent in this place.
 E = Time spent auto-exploring this place.
 F = Levels seen in this place.
 G = Mean time per level.
                   A        B        C        D        E       F      G
               +--------+--------+--------+--------+--------+-----+--------+
         Total |   4204 |   4018 |    186 |    236 |   3176 |   5 |  840.8 |
       Dungeon |   4203 |   4018 |    185 |    236 |   3176 |   4 | 1050.8 |
        Temple |      1 |      0 |      1 |      0 |      0 |   1 |    1.0 |
               +--------+--------+--------+--------+--------+-----+--------+

Top non-repeatable levels by time:
     D:4: 1366 daAuts
     D:2: 973 daAuts
     D:3: 932 daAuts
     D:1: 931 daAuts
  Temple: 1 daAuts
